 Dungeon Crawl Stone Soup version 0.29-a0-775-g4d7333d4e2 (webtiles) character file.

Game seed: 2236391717235825796

378 Zdeegee the Covert (level 6, -11/41 HPs)
             Began as an Octopode Brigand on July 1, 2022.
             Killed by divine providence
             ... invoked by an orc priest
              (15 damage)
             ... on level 4 of the Dungeon.
             The game lasted 00:05:44 (3537 turns).

Zdeegee the Covert (Octopode Brigand)               Turns: 3537, Time: 00:05:45

Health: -11/41     AC:  1    Str: 11    XL:     6   Next: 74%
Magic:  6/6        EV: 13    Int: 13    God:
Gold:   151        SH:  0    Dex: 15    Spells: 5/5 levels left

rFire   . . .      SeeInvis .   p - +2 dagger
rCold   . . .      Faith    .   (no shield)
rNeg    . . .      Spirit   .   (helmet restricted)
rPois   .          Reflect  .   (no amulet)
rElec   .          Harm     .   q - ring of resist corrosion
rCorr   +          Rampage  .   (no ring)
Will    .....                   (no ring)
Stlth   +++++.....              (no ring)
HPRegen 0.13/turn               (no ring)
MPRegen 0.10/turn               (no ring)
                                (no ring)
                                (no ring)

@: no status effects
A: almost no armour, amphibious, 8 rings, camouflage 1, gelatinous body 1,
(nimble swimmer 1), tentacles
a: no special abilities


You were on level 4 of the Dungeon.
You visited 1 branch of the dungeon, and saw 4 of its levels.

You collected 151 gold pieces.

Inventory:

Hand Weapons
 a - a +2 dagger of draining
 p - a +2 dagger (weapon)
Missiles
 b - 16 poisoned darts (quivered)
 c - 3 curare-tipped darts
 t - 2 throwing nets
Magical Staves
 d - a staff of air
Jewellery
 k - a ring of ice
 q - a ring of resist corrosion (left tentacle)
Scrolls
 f - a scroll of fear {unknown}
 j - a scroll of poison
 l - a scroll of magic mapping
 o - a scroll of identify {unknown}
Potions
 g - a potion of invisibility {unknown}
 h - a potion of mutation {unknown}
 i - a potion of haste {unknown}
 m - a potion of lignification
 n - a potion of berserk rage {unknown}
 r - a potion of attraction {unknown}
 s - a potion of ambrosia {unknown}


   Skills:
 * Level 2.8 Fighting
 * Level 3.5 Short Blades
 * Level 2.7 Throwing
 * Level 2.1 Dodging
 * Level 8.1 Stealth
 * Level 1.8 Hexes


You had 5 spell levels left.
You didn't know any spells.
Your spell library contained the following spells:

 Spells                   Type           Power      Damage    Failure   Level
 Foxfire                  Conj/Fire      0%         2x1d4     30%         1
 Summon Small Mammal      Summ           0%         N/A       30%         1
 Inner Flame              Hex/Fire       2%         N/A       54%         3
 Summon Guardian Golem    Hex/Summ       2%         N/A       54%         3
 Call Canine Familiar     Summ           0%         N/A       67%         3
 Conjure Flame            Conj/Fire      0%         6-21      67%         3
 Flame Wave               Conj/Fire      0%         2d4       97%         4


Dungeon Overview and Level Annotations

Branches:
Dungeon (4/15)
 Temple: D:4-7

Altars:
Elyvilon

Annotations:
D:2 1 runed translucent door, Crazy Yiuf


Innate Abilities, Weirdness & Mutations

You cannot wear most types of armour.
You are amphibious.
You can wear up to eight rings at the same time.
Your skin changes colour to match your surroundings (Stealth+).
Your rubbery body absorbs attacks. (AC +1, EV +1)
((You are camouflaged when in or above water. (Stealth+)))
You have tentacles for arms and can constrict up to eight enemies at once.


Message History

The orc wizard shouts!
The orc attacks as you move away! The orc misses you.
The ufetubus closely misses you. The ufetubus hits you.
The orc wizard casts a spell.
The orc wizard flickers and vanishes!
The ufetubus attacks as you move away! The ufetubus barely misses you.
The ufetubus hits you. x3
The ufetubus attacks as you move away! The ufetubus closely misses you.
The ufetubus misses you. The ufetubus closely misses you. x2
The orc priest miscasts a cantrip.
The ufetubus hits you but does no damage.
The ufetubus hits you.
* * * LOW HITPOINT WARNING * * *
The ufetubus attacks as you move away!
The ufetubus hits you but does no damage.
The ufetubus closely misses you. The ufetubus attacks as you move away!
The ufetubus hits you.
* * * LOW HITPOINT WARNING * * *
The ufetubus barely misses you. The ufetubus closely misses you.
The ufetubus barely misses you. The ufetubus attacks as you move away!
The ufetubus misses you.
The ufetubus hits you but does no damage.
It was a potion of heal wounds.
You feel much better. The ufetubus barely misses you.
The ufetubus completely misses you. The ufetubus hits you. x2
The orc attacks as you move away! The orc hits you with a +0 mace.
The ufetubus attacks as you move away! The ufetubus barely misses you.
The ufetubus closely misses you. The ufetubus closely misses you.
The ufetubus hits you.
* * * LOW HITPOINT WARNING * * *
The orc attacks as you move away! The orc hits you with a +0 mace.
* * * LOW HITPOINT WARNING * * *
There is a stone staircase leading up, spattered with blood here.
The ufetubus hits you.
* * * LOW HITPOINT WARNING * * *
The ufetubus barely misses you. The ufetubus completely misses you.
The ufetubus closely misses you.
The orc priest invokes the aid of Beogh against you.
Beogh smites you!
You die...

#.......#.................†..#
........#'########...###'#####
.................#...#.......#
.................#####.......#
.........†...................#
..........†........).........#
.........†...................#
.........o.....o.............#
.........{o....5@)...........#
.................)...........#
.............................#
....#####+#......###+#########
....# #......+...#.......#
....+ #......#...#.......#
.>..# #......#...#...... ....#
#......##'###...# #### .####
##....>.....#...####..#


You could see an orc priest, 2 orcs and an ufetubus.

Vanquished Creatures
  A phantom (D:4)
  A scorpion (D:3)
  A hound (D:4)
  7 gnolls
  8 adders
  A worm (D:2)
  3 dart slugs
  An orc (D:3)
  9 ball pythons
  8 bats
  2 endoplasms (D:1)
  4 giant cockroaches
  5 goblins
  4 hobgoblins
  4 jackals (D:1)
  6 quokkas
  2 frilled lizards (D:1)
  7 kobolds
  4 rats
78 creatures vanquished.

Vanquished Creatures (others)
  35 plants (D:3)
35 creatures vanquished.

Grand Total: 113 creatures vanquished

Notes
Turn   | Place    | Note
-------+----------+-------------------------------------------
     0 | D:1      | Zdeegee the Octopode Brigand began the quest for the Orb.
     0 | D:1      | Reached XP level 1. HP: 14/14 MP: 1/1
    23 | D:1      | Reached XP level 2. HP: 19/19 MP: 2/2
    72 | D:1      | You fall into a shaft and drop 1 floor!
   128 | D:2      | Reached skill level 6 in Stealth
   128 | D:2      | Reached XP level 3. HP: 24/24 MP: 3/3
   239 | D:1      | Found a faded altar of an unknown god.
  1101 | D:2      | Found a runed translucent door.
  1102 | D:2      | Noticed Crazy Yiuf
  1135 | D:2      | Reached XP level 4. HP: 29/29 MP: 4/4
  1894 | D:3      | Found a white marble altar of Elyvilon.
  1895 | D:3      | Noticed a scorpion
  1919 | D:3      | Reached skill level 7 in Stealth
  1993 | D:3      | Killed a scorpion
  1994 | D:3      | Reached skill level 1 in Hexes
  1994 | D:3      | Reached XP level 5. HP: 27/35 MP: 5/5
  2638 | D:3      | Reached XP level 6. HP: 39/41 MP: 6/6
  3079 | D:4      | Reached skill level 8 in Stealth
  3537 | D:4      | Killed from afar by an orc priest

Illustrated notes

Levels and vault maps discovered:
D:1:      sevenhm_arrival_forest_fort_small_4, layout_basic,
          ebering_ecumenical_altar_ruins, kennysheep_crisscross
D:2:      layout_loops_ring, grunt_decor_clamped,
          hangedman_decor_clover_reticule, uniq_crazy_yiuf_cottage
D:3:      wad_woods_stonehenge, layout_loops_ring
D:4:      layout_gridville

Skill      XL: |  1  2  3  4  5  6 |
---------------+-------------------+-----
Stealth        | 6 7 8 |  8.1
Hexes          | 1 |  1.8
Short Blades   | 3 |  3.5
Dodging        | 2 |  2.1
Fighting       | |  2.8
Throwing       | |  2.7

Action                   |  1- 3 |  4- 6 || total
-------------------------+-------+-------++-------
Melee: Dagger            |    42 |   114 ||   156
       Tentacles         |     7 |    21 ||    28
       Constrict         |     9 |    26 ||    35
Throw: Dart              |       |    18 ||    18
  Use: Scroll            |       |     2 ||     2
       Potion            |       |     2 ||     2
 Stab: Sleeping          |    10 |    16 ||    26
       Distracted        |       |     1 ||     1
Armor: Skin              |     4 |    29 ||    33
Dodge: Dodged            |    15 |    93 ||   108

Table legend: (Time is in decaauts)
 A = Elapsed time spent in this place.
 B = Non-inter-level travel time spent in this place.
 C = Inter-level travel time spent in this place.
 D = Time resting spent in this place.
 E = Time spent auto-exploring this place.
 F = Levels seen in this place.
 G = Mean time per level.
                   A        B        C        D        E       F      G
               +--------+--------+--------+--------+--------+-----+--------+
         Total |   3512 |   3449 |     63 |   1062 |   1783 |   4 |  878.0 |
       Dungeon |   3512 |   3449 |     63 |   1062 |   1783 |   4 |  878.0 |
               +--------+--------+--------+--------+--------+-----+--------+

Top non-repeatable levels by time:
     D:3: 1465 daAuts
     D:2: 1045 daAuts
     D:1: 683 daAuts
     D:4: 317 daAuts
